 Dungeon Crawl Stone Soup version 0.19.5 (webtiles) character file.

169 JeffiDaFish the Shield-Bearer (level 5, -9/33 HPs)
             Began as a Gargoyle Fighter on Mar 9, 2017.
             Killed from afar by an orc wizard (11 damage)
             ... with a magic dart
             ... on level 3 of the Dungeon.
             The game lasted 00:05:30 (2296 turns).

JeffiDaFish the Shield-Bearer (Gargoyle Fighter)    Turns: 2296, Time: 00:05:32

Health: -9/33      AC: 17    Str: 20    XL:     5   Next: 50%
Magic:  5/5        EV:  4    Int: 10    God:
Gold:   145        SH:  9    Dex:  8    Spells: 0 memorised, 4 levels left

rFire  . . .     SeeInvis .     a - +0 flail
rCold  + . .     Gourm    .     j - +0 plate armour
rNeg   + . .     Faith    .     c - +0 shield
rPois  ∞         Spirit   .     g - +1 helmet
rElec  +         Reflect  .     (no cloak)
rCorr  .         Harm     .     (no gloves)
MR     .....                    (no boots)
Stlth  ..........               (no amulet)
                                (no ring)
                                (no ring)

@: no status effects
A: clever 1, clumsy 1, cold resistance 1, negative energy resistance 1,
electricity resistance, unbreathing, petrification resistance, rot immunity, AC
+4
a: no special abilities


You were on level 3 of the Dungeon.
You were not hungry.

You visited 1 branch of the dungeon, and saw 3 of its levels.

You collected 145 gold pieces.

Inventory:

Hand Weapons
 a - a +0 flail (weapon)
Armour
 c - a +0 shield (worn)
 g - a +1 helmet (worn)
 j - a +0 plate armour (worn)
Scrolls
 e - 5 scrolls of identify
 k - 2 scrolls of fog
 l - a scroll of magic mapping
 m - 4 scrolls of remove curse
Potions
 b - a potion of curing
 d - a potion of might
 h - a potion of brilliance
Comestibles
 f - 4 bread rations
 i - 2 chunks of flesh
 n - a beef jerky


   Skills:
 + Level 4.0 Fighting
 + Level 3.6 Maces & Flails
 + Level 3.8 Armour
 + Level 0.4 Dodging
 + Level 4.5 Shields


You had 4 spell levels left.
You didn't know any spells.

Dungeon Overview and Level Annotations

Branches:
Dungeon (3/15)

Altars:


Innate Abilities, Weirdness & Mutations

You are resistant to torment.
Your stone body is resilient. (AC +4)
You are immune to poison.
You resist negative energy. (rN+)
You are resistant to electric shocks. (rElec)
You can survive without breathing.
You are immune to petrification.
You are immune to rotting.
Your mind is acute. (Int +2)
You are clumsy. (Dex -2)
Your flesh is cold resistant. (rC+)


Message History

The leopard gecko bites you but does no damage.
You miss the leopard gecko.
You hear some strange, mumbled words.
A puff of flame appears from out of thin air!
The puff of flame hits you!
* * * LOW HITPOINT WARNING * * *
The leopard gecko bites you but does no damage.
Something hits you but does no damage.
You miss something.
You feel less confused. The leopard gecko barely misses you.
Something hits you but does no damage. The leopard gecko bites you.
* * * LOW HITPOINT WARNING * * *
You completely miss something. Something hits you.
* * * LOW HITPOINT WARNING * * *
The leopard gecko bites you but does no damage.
You hear some strange, mumbled words.
A magic dart appears from out of thin air!
The magic dart hits you!
You die...

#... ###...##
....#... .#..... .
......#### .. #.#
#.... ... #.#
#..####...##
#.####.###..@........
#......)...#{l####...
######...............
#.###..#)....... #.#
##......### .##
#.#####...######..##
#.##.......##........
#.##.................
#.#.................#


You could see a leopard gecko.

Vanquished Creatures
  The ghost of antares the Skirmisher, a weakling HOFi (D:3)
  4 adders (D:2)
  An ooze (D:1)
  4 worms (D:2)
  3 dart slugs
  2 leopard geckos
  2 orcs (D:3)
  10 bats
  3 giant cockroaches
  3 goblins (D:1)
  4 hobgoblins
  2 quokkas
  8 frilled lizards
  10 kobolds
  9 rats
66 creatures vanquished.

Notes
Turn   | Place    | Note
-------+----------+-------------------------------------------
     0 | D:1      | JeffiDaFish the Gargoyle Fighter began the quest for the Orb.
     0 | D:1      | Reached XP level 1. HP: 14/14 MP: 1/1
   238 | D:1      | Gained mutation: Your flesh is cold resistant. (rC+) [potion of mutation]
   238 | D:1      | Gained mutation: You are clumsy. (Dex -2) [potion of mutation]
   238 | D:1      | Gained mutation: Your mind is acute. (Int +2) [potion of mutation]
   274 | D:1      | Reached XP level 2. HP: 19/19 MP: 2/2
   668 | D:1      | Reached XP level 3. HP: 20/23 MP: 3/3
  1307 | D:2      | Reached XP level 4. HP: 23/28 MP: 4/4
  1951 | D:3      | Noticed antares's ghost (weakling HOFi)
  1961 | D:3      | Killed antares's ghost
  1961 | D:3      | Reached XP level 5. HP: 14/33 MP: 5/5
  2296 | D:3      | Killed from afar by an orc wizard

Skill      XL: |  1  2  3  4  5 |
---------------+----------------+-----
Shields        | 4 |  4.5
Maces & Flails | 3 |  3.6
Fighting       | 4 |  4.0
Armour         | |  3.8
Dodging        | |  0.4

Action                   |  1- 3 |  4- 6 || total
-------------------------+-------+-------++-------
Melee: Flail             |   140 |   156 ||   296
  Use: Scroll            |     5 |     2 ||     7
       Potion            |     3 |       ||     3
  Eat: Chunk             |     1 |     4 ||     5
Armor: Scale mail        |    82 |       ||    82
       Plate armour      |    36 |   133 ||   169
Dodge: Dodged            |    47 |    35 ||    82
Block: Shield            |    91 |    83 ||   174
